 Dungeon Crawl Stone Soup version 0.30.0-5-g1a98f26d00 (webtiles) character file.

Game seed: 4577438960094730694

1230372 browni3141 the Englaciator (level 27, -7/308 HPs)
             Began as a Formicid Ice Elementalist on May 11, 2023.
             Was the Champion of Cheibriados.
             Mangled by Yrotepn the pandemonium lord (41 damage)
             ... in Pandemonium.
             The game lasted 06:25:15 (113712 turns).

browni3141 the Englaciator (FoIE)                 Turns: 113712, Time: 06:25:15

Health: -7/308     AC: 31    Str: 32    XL:     27
Magic:  25/56      EV: 41    Int: 46    God:    Cheibriados [******]
Gold:   8481       SH: 42    Dex: 34    Spells: 2/66 levels left

rFire   + + +        b - staff of cold "Deonwiug" {rC+ Will+ Int+3 Dex+5}
rCold   + + .        u - +8 tower shield
rNeg    + + +        g - melded +12 gold dragon scales
rPois   ∞            (helmet unavailable)
rElec   +            U - scarf {rC+ rF+}
rCorr   .            G - melded +2 pair of gloves
SInv    +            Y - melded +0 pair of boots of the Scribe {rElec rC+ Str+4}
Will    +++..        w - amulet "Haym" {Reflect Will+ Regen+ Str+2 SH+5 SInv}
Stlth   +++++++      x - ring of Xedarph {rF+ rN+}
HPRegen 1.51/turn    l - ring of Okkoray {rF+ rN+ Will- MP+9 Int+3 Slay+5}
MPRegen 0.35/turn

%: reflection
@: statue-form, very slow
A: slow and powerful, torment resistance 1, boosted hp, permanent stasis, dig
shafts and tunnels, antennae 3, four strong arms, dopey 1, mutation resistance 1
}: 14/15 runes: decaying, slimy, silver, iron, obsidian, icy, bone, abyssal,
demonic, glowing, magical, fiery, dark, gossamer
a: Dig, End Transformation, Renounce Religion, Bend Time, Temporal Distortion,
Slouch, Step From Time


You were in Pandemonium.
You worshipped Cheibriados.
Cheibriados was exalted by your worship.
You were a living statue of rough stone.
You visited 17 branches of the dungeon, and saw 84 of its levels.
You visited Pandemonium 3 times, and saw 17 of its levels.
You visited the Abyss 3 times.
You also visited: Trove, Ice Cave and Wizlab.

You collected 13156 gold pieces.
You spent 4675 gold pieces at shops.

Inventory:

Hand Weapons
 a - the +10 dark maul {heavy}
   (You found it on level 11 of the Dungeon)
 d - the +6 Majin-Bo {spellvamp, MP+6 Int+6}
   (You took it off a deep elf annihilator on level 3 of the Elven Halls)

   Int:       It affects your intelligence (+6).
   MP:        It affects your magic capacity (+6).
 r - the +8 whip "Snakebite" {venom, curare, rPois}
   (You found it on level 1 of the Lair of Beasts)

   rPois:     It protects you from poison.
 V - the +13 sceptre of Asmodeus
   (You took it off Asmodeus on level 7 of Gehenna)

   Fire Summon: It may summon demons of flame and damnation when striking foes.
Missiles
 J - 7 curare-tipped darts
 Z - 2 throwing nets
Armour
 g - +12 gold dragon scales (melded)
 u - a +8 tower shield (worn)
 G - a +2 pair of gloves (melded)
 U - a scarf of resistance (worn)
 Y - the +0 pair of boots of the Scribe (melded) {rElec rC+ Str+4}
   (You found it on level 3 of the Elven Halls)

   Str:       It affects your strength (+4).
   rC:        It protects you from cold.
   rElec:     It insulates you from electricity.
Magical Staves
 b - the staff of cold "Deonwiug" (weapon) {rC+ Will+ Int+3 Dex+5}
   (You found it in an ice cave)

   [staff of cold]

   Base accuracy: +5 Base damage: 5 Base attack delay: 1.2 This weapon's minimum
   attack delay (0.6) is reached at skill level 12.
   Int:       It affects your intelligence (+3).
   Dex:       It affects your dexterity (+5).
   rC:        It protects you from cold.
   Will:      It increases your willpower.
   It falls into the 'Staves' category.
   It is a weapon for one hand-pair.
Jewellery
 e - the ring of Kutass {Int+4 Dex+4 Slay+4}
   (You found it in a treasure trove)

   [ring of slaying]

   Int:       It affects your intelligence (+4).
   Dex:       It affects your dexterity (+4).
   Slay:      It affects your accuracy & damage with ranged weapons and melee
   (+4).
 l - the ring of Okkoray (right fist) {rF+ rN+ Will- MP+9 Int+3 Slay+5}
   (You found it on level 3 of the Crypt)

   [ring of positive energy]

   Int:       It affects your intelligence (+3).
   Slay:      It affects your accuracy & damage with ranged weapons and melee
   (+5).
   rF:        It protects you from fire.
   rN:        It protects you from negative energy.
   MP:        It affects your magic capacity (+9).
   Will:      It decreases your willpower.
 o - a ring of resist corrosion
 w - the amulet "Haym" (around neck) {Reflect Will+ Regen+ Str+2 SH+5 SInv}
   (You found it in a treasure trove)

   [amulet of reflection]

   It reflects blocked missile attacks.
   Str:       It affects your strength (+2).
   SInv:      It lets you see invisible.
   Regen:     It increases your rate of health regeneration.
   SH:        It affects your SH (+5).
   Will:      It increases your willpower.
 x - the ring of Xedarph (left fist) {rF+ rN+}
   (You found it in a treasure trove)

   [ring of positive energy]

   rF:        It protects you from fire.
   rN:        It protects you from negative energy.
 z - the ring "Bonud" {Fly rElec rC- Str+3 Dex+3}
   (You found it in a treasure trove)

   [ring of flight]

   Str:       It affects your strength (+3).
   Dex:       It affects your dexterity (+3).
   rC:        It makes you vulnerable to cold.
   rElec:     It insulates you from electricity.
   Fly:       It grants you flight.
 B - the amulet "Koaqeam" {Acrobat rElec rCorr Int+8 Dex-5}
   (You found it on level 5 of the Dungeon)

   [amulet of the acrobat]

   It increases your evasion while moving and waiting.
   Int:       It affects your intelligence (+8).
   Dex:       It affects your dexterity (-5).
   rElec:     It insulates you from electricity.
   rCorr:     It protects you from acid and corrosion.
 S - the ring "Sackuebb" {Ice rPois rCorr Stlth+}
   (You found it in a treasure trove)

   [ring of ice]

   It enhances your ice magic.
   rF:        It makes you vulnerable to fire.
   rC:        It protects you from cold.
   rPois:     It protects you from poison.
   rCorr:     It protects you from acid and corrosion.
   Stlth:     It makes you more stealthy.
Wands
 p - a wand of polymorph (26)
 y - a wand of digging (45)
 A - a wand of acid (41)
 I - a wand of iceblast (82)
 P - a wand of paralysis (74)
 T - a wand of mindburst (42)
Scrolls
 q - 5 scrolls of enchant weapon
 s - 5 scrolls of fog
 t - 9 scrolls of poison
 v - 9 scrolls of amnesia
 D - 11 scrolls of vulnerability
 N - 6 scrolls of torment
 O - 2 scrolls of silence
 Q - 7 scrolls of fear
 W - 4 scrolls of magic mapping
 X - 7 scrolls of immolation
Potions
 c - 2 potions of cancellation
 i - 4 potions of invisibility
 j - 6 potions of mutation
 k - 5 potions of ambrosia
 n - 5 potions of resistance
 C - 21 potions of curing
 E - 4 potions of attraction
 F - 11 potions of flight
 H - 4 potions of heal wounds
 K - 4 potions of brilliance
 L - 7 potions of lignification
Miscellaneous
 f - a box of beasts (inert)
 h - a lightning rod (4/4)
 M - a phantom mirror
 R - a condenser vane


   Skills:
 + Level 23.7 Fighting
 - Level 16.0 Maces & Flails
 * Level 26.5 Armour
 * Level 22.2 Dodging
 - Level 15.0 Stealth
 - Level 24.0 Shields
 - Level 20.0 Spellcasting
 - Level 8.0 Conjurations
 - Level 4.0 Summonings
 - Level 4.0 Necromancy
 * Level 14.6 Translocations
 - Level 6.0 Transmutations
 O Level 27 Ice Magic
 - Level 16.0 Earth Magic
 - Level 16.0 Invocations
 - Level 16.0 Evocations


You had 2 spell levels left.
You knew the following spells:

 Your Spells              Type           Power      Damage    Failure   Level
a - Iron Shot             Conj/Erth      51%        9d10      1%          6
b - Summon Ice Beast      Ice/Summ       100%       N/A       0%          4
c - Borgnjor's Vile Clut  Necr/Erth      47%        N/A       1%          5
d - Freezing Cloud        Conj/Ice/Air   62%        6-21      1%          5
e - Ozocubu's Refrigerat  Ice            82%        4d25      0%          7
f - Simulacrum            Ice/Necr       68%        N/A       1%          6
g - Polar Vortex          Ice            82%        N/A       1%          9
h - Passage of Golubria   Tloc           100%       N/A       0%          4
i - Dispersal             Tloc           55%        N/A       1%          6
l - Lee's Rapid Deconstr  Erth           57%        3d26*     1%          5
s - Statue Form           Tmut/Erth      65%        N/A       1%          6
A - Apportation           Tloc           100%       N/A       0%          1

Your spell library contained the following spells:

 Spells                   Type           Power      Damage    Failure   Level
 Freeze                   Ice            100%       1d10      0%          1
 Sandblast                Erth           100%       2d20      0%          1
 Ensorcelled Hibernation  Hex/Ice        100%       N/A       0%          2
 Lesser Beckoning         Tloc           100%       N/A       0%          2
 Momentum Strike          Conj/Tloc      100%       3d10      0%          2
 Passwall                 Tmut/Erth      81%        N/A       0%          2
 Foxfire                  Conj/Fire      100%       2x1d9     1%          1
 Kiss of Death            Conj/Necr      100%       2d13      1%          1
 Magic Dart               Conj           100%       1d8       1%          1
 Necrotise                Necr           100%       1d9       1%          1
 Summon Small Mammal      Summ           100%       N/A       1%          1
 Call Imp                 Summ           100%       N/A       1%          2
 Cigotuvi's Dreadful Rot  Necr/Pois/Air  100%       N/A       1%          2
 Poisonous Vapours        Pois/Air       92%        N/A       1%          2
 Searing Ray              Conj           100%       2d8       1%          2
 Static Discharge         Conj/Air       100%       2-7/arc   1%          2
 Frozen Ramparts          Ice            100%       1d16      0%          3
 Gell's Gravitas          Tloc           100%       N/A       0%          3
 Ozocubu's Armour         Ice            100%       N/A       0%          3
 Stone Arrow              Conj/Erth      100%       3d13      0%          3
 Teleport Other           Tloc           100%       N/A       0%          3
 Ice Form                 Ice/Tmut       100%       N/A       0%          4
 Manifold Assault         Tloc           100%       N/A       0%          4
 Call Canine Familiar     Summ           70%        N/A       1%          3
 Confusing Touch          Hex            46%        N/A       1%          3
 Dazzling Flash           Conj/Hex       100%       N/A       1%          3
 Ignite Poison            Fire/Tmut/Pois 59%        N/A       1%          3
 Inner Flame              Hex/Fire       46%        N/A       1%          3
 Mephitic Cloud           Conj/Pois/Air  63%        N/A       1%          3
 Spider Form              Tmut/Pois      65%        N/A       1%          3
 Summon Guardian Golem    Hex/Summ       59%        N/A       1%          3
 Tukima's Dance           Hex            46%        N/A       1%          3
 Vampiric Draining        Necr           70%        2d11      1%          3
 Animate Armour           Summ/Erth      100%       N/A       1%          4
 Animate Dead             Necr           70%        N/A       1%          4
 Dispel Undead            Necr           70%        3d24      1%          4
 Flame Wave               Conj/Fire      70%        2d16      1%          4
 Fulminant Prism          Conj/Hex       35%        3d17      1%          4
 Iskenderun's Mystic Bla  Conj/Tloc      100%       2d19      1%          4
 Leda's Liquefaction      Hex/Erth       44%        N/A       1%          4
 Petrify                  Tmut/Erth      98%        N/A       1%          4
 Sticky Flame             Conj/Fire      70%        2d8       1%          4
 Blade Hands              Tmut           39%        N/A       1%          5
 Irradiate                Conj/Tmut      42%        3d25      1%          5
 Iskenderun's Battlesphe  Conj           88%        2d14      1%          5
 Summon Forest            Summ/Tloc      46%        N/A       1%          5
 Anguish                  Hex/Necr       29%        N/A       2%          4
 Summon Lightning Spire   Summ/Air       59%        N/A       2%          4
 Agony                    Necr           70%        N/A       2%          5
 Arcjolt                  Conj/Air       35%        1d45      2%          5
 Fireball                 Conj/Fire      35%        3d15      2%          5
 Airstrike                Air            23%        2d(4-20)  4%          4
 Cause Fear               Hex            23%        N/A       4%          4
 Alistair's Intoxication  Tmut/Pois      43%        N/A       4%          5
 Yara's Violent Unravell  Hex/Tmut       32%        3d13      4%          5
 Summon Mana Viper        Hex/Summ       59%        N/A       6%          5
 Disjunction              Tloc           55%        N/A       9%          8
 Silence                  Hex/Air        23%        N/A       14%         5
 Conjure Ball Lightning   Conj/Air       35%        3x3d11    14%         6
 Death Channel            Necr           35%        N/A       14%         6
 Starburst                Conj/Fire      35%        6d10      14%         6
 Summon Cactus Giant      Summ           35%        N/A       14%         6
 Orb of Destruction       Conj           44%        9d12      16%         7
 Eringya's Noxious Bog    Tmut/Pois      32%        N/A       22%         6
 Dragon Form              Tmut           39%        N/A       34%         7
 Spellforged Servitor     Conj/Summ      39%        N/A       34%         7
 Plasma Beam              Fire/Air       23%        2x1d38    58%         6
 Haunt                    Necr/Summ      35%        N/A       63%         7
 Monstrous Menagerie      Summ           35%        N/A       63%         7
 Summon Hydra             Summ           35%        N/A       63%         7
 Storm Form               Tmut/Air       32%        N/A       77%         7
 Enfeeble                 Hex            23%        N/A       99%         7
 Borgnjor's Revivificati  Necr           35%        N/A       99%         8
 Infestation              Necr           35%        N/A       99%         8
 Necromutation            Tmut/Necr      37%        N/A       99%         8
 Ignition                 Fire           23%        3d8       100%        8
 Maxwell's Capacitive Co  Air            23%        ∞         100%        8
 Chain Lightning          Conj/Air       35%        3d46      100%        9
 Death's Door             Necr           35%        N/A       100%        9
 Dragon's Call            Summ           35%        N/A       100%        9
 Blink                    Tloc           Unusable   N/A       N/A         2
 Vhi's Electric Charge    Tloc/Air       Unusable   N/A       N/A         3

Dungeon Overview and Level Annotations

Branches:
Dungeon (15/15)            Temple (0/1) D:7            Lair (5/5) D:8
  Swamp (4/4) Lair:2       Spider (4/4) Lair:2        Slime (5/5) Lair:5
    Orc (2/2) D:9             Elf (3/3) Orc:2        Vaults (5/5) D:13
  Crypt (3/3) Vaults:3       Tomb (2/3) Crypt:3      Depths (4/4) D:15
   Hell (visited)             Dis (7/7) Hell            Geh (7/7) Hell
    Coc (7/7) Hell            Tar (7/7) Hell            Zot (5/5) Depths:4
  IceCv (visited)          WizLab (visited)

Altars:
Cheibriados
Dithmenos
Elyvilon
Fedhas
Gozag
Hepliaklqana
Kikubaaqudgha
Makhleb
Nemelex Xobeh
Okawaru
Qazlal
Ru
Sif Muna
Uskayaw
Wu Jian
Xom
Yredelemnul
Zin
Jiyva

Shops:
D:3 ?   D:8 =   Orc:1 =   Orc:2 =([***   Elf:3 [   Vaults:2 [   Vaults:5 [
Depths:1 *

Portals:
Hell: Depths:1 Depths:2 Depths:3 Depths:4
Abyss: Depths:1 Depths:3
Pandemonium: Depths:2 Depths:4
Ziggurat: Depths:4

Annotations:
D:5 3 runed translucent doors, jimonade's ghost, amateur OpMo
Lair:4 2 transporters, crux's ghost, journeyman OpTm
Coc:7 1 exclusion
Zot:2 4 transporters


Innate Abilities, Weirdness & Mutations

You are a living statue of rough stone.
Your actions are slow, but your melee attacks are powerful.
You are resistant to unholy torment.
Your maximum health is greatly increased.
You are immune to poison.
Your equipment is partially melded.
You cannot be hasted, slowed, berserked, paralysed or teleported.
You can dig through walls and to a lower floor.
You have a pair of large antennae on your head. (SInv)
Your four strong arms can wield two-handed weapons with a shield.
You are dopey. (Int -2)
You are somewhat resistant to further mutation.


Message History

Yrotepn is severely wounded.
The zombie hands constrict Yrotepn, but do no damage.
You block Yrotepn's attack. Yrotepn tramples you!
* * * LOW HITPOINT WARNING * * *
You hold your ground!
You feel your power leaking away.
You block the demonspawn black sun's attack.
You hit Yrotepn but do no damage. You freeze Yrotepn.
Yrotepn is severely wounded.
You are engulfed in a thunderstorm.
You resist.
* * * LOW HITPOINT WARNING * * *
The zombie hands constrict Yrotepn.
You block Yrotepn's attack.
You block the demonspawn black sun's attack.
You block Yrotepn's attack.
You hit Yrotepn but do no damage. You freeze Yrotepn.
Yrotepn is severely wounded.
The zombie hands constrict Yrotepn!
Yrotepn completely misses you.
You block the demonspawn black sun's attack.
Yrotepn tramples you!
* * * LOW HITPOINT WARNING * * *
You stumble backwards!
You feel your power leaking away.
The zombie hands lose their grip on Yrotepn.
You hit Yrotepn but do no damage.
Yrotepn is severely wounded.
You block Yrotepn's attack.
You block the demonspawn black sun's attack.
You hit Yrotepn but do no damage. You freeze Yrotepn.
Yrotepn is severely wounded.
You are engulfed in a thunderstorm.
You resist.
* * * LOW HITPOINT WARNING * * *
Yrotepn sneers, "I will devour thy skull!"
You block Yrotepn's attack.
You block the demonspawn black sun's attack.
You block Yrotepn's attack.
The demonspawn black sun completely misses you.
You hit Yrotepn but do no damage. You freeze Yrotepn.
Yrotepn is severely wounded.
You are engulfed in a thunderstorm.
You resist.
* * * LOW HITPOINT WARNING * * *
Yrotepn is no longer absorbing vital energies.
You block Yrotepn's attack. x2
The demonspawn black sun closely misses you.
Aiming: Corrosive Bolt
Press: ? - help, Shift-Dir - straight line, f/p - Yrotepn
Aim: Yrotepn (severely wounded, surrounded by thunder, 82% to hit)
Okay, then.
You open the lid... ...and an elder batfire beast flies out!
The box is emptied!
The demonspawn black sun is no longer absorbing vital energies.
You block Yrotepn's attack. Yrotepn tramples you!!
* * * LOW HITPOINT WARNING * * *
You stumble backwards!
The demonspawn black sun prays to Kikubaaqudgha.
Yrotepn begins absorbing vital energies!
The demonspawn black sun begins absorbing vital energies!
You hit Yrotepn. You freeze Yrotepn.
Yrotepn is severely wounded.
You are engulfed in a thunderstorm.
You resist.
* * * LOW HITPOINT WARNING * * *
Your attacks no longer feel as feeble.
Yrotepn tramples you but does no damage.
Your elder batfire beast hits the demonspawn black sun!!
You block Yrotepn's attack.
The demonspawn black sun hits your elder batfire beast with a +0 dire flail!
Your elder batfire beast looks weaker.
You closely miss the demonspawn black sun.
The demonspawn black sun is almost dead.
You are engulfed in a thunderstorm.
You resist.
* * * LOW HITPOINT WARNING * * *
You block Yrotepn's attack.
You block the demonspawn black sun's attack.
You block Yrotepn's attack.
Your elder batfire beast hits the demonspawn black sun but does no damage.
The demonspawn black sun completely misses you.
You feel much better.
You are engulfed in a thunderstorm.
You resist.
* * * LOW HITPOINT WARNING * * *
You block Yrotepn's attack.
Your elder batfire beast hits the demonspawn black sun but does no damage.
You block Yrotepn's attack.
You block the demonspawn black sun's attack.
You block Yrotepn's attack.
Aiming: Phantom Mirror
Press: ? - help, Dir - move target, f/p - Yrotepn
Aim: Yrotepn (severely wounded, absorbing vital energies, surrounded by thunder)
Okay, then.
Press: ? - help, v - describe, . - travel
Here: Yrotepn (severely wounded, absorbing vital energies, surrounded by thunder)
The floor.
Unknown command.
Unknown command.
Magic courses through your body.
You are engulfed in a thunderstorm.
You resist.
* * * LOW HITPOINT WARNING * * *
Your elder batfire beast hits the demonspawn black sun!
You block Yrotepn's attack.
You block the demonspawn black sun's attack.
Yrotepn tramples you!!!
You die...

######...# ##.#..#
# #.#.# #....#####
# #...#
##........# #
##### #.....#...#
#....##?####
#..H.......# .
#..........# {
!...###..§6§.....#
......'..§&8.....#
{
#.....'..§########
......'...# {
....###...# ..##
#.... . #...##
#.... # #..#.# #


You could see Yrotepn (black mark, clouds), a demonspawn black sun (black mark,
ally target) and a friendly elder batfire beast (summoned, weak).

Vanquished Creatures
  Cerebov (Pan)
  Asmodeus (Geh:7)
  Antaeus (Coc:7)
  the Royal Jelly (Slime:5)
  Ignacio (Pan)
  Ereshkigal (Tar:7)
  5 pandemonium lords (Pan)
  Gloorx Vloq (Pan)
  the Serpent of Hell (Tar:7)
  Mnoleg (Pan)
  Dispater (Dis:7)
  Lom Lobon (Pan)
  3 dread liches
  5 orbs of fire
  9 ancient liches
  Mennas (Pan)
  A juggernaut (Abyss:3)
  24 royal mummies
  The ghost of Strat the Conqueror, a veteran MiAr of Wu Jian (Zot:4)
  18 shard shrikes
  A Killer Klown (Zot:5)
  Saint Roka (Orc:2)
  Frederick (Vaults:2)
  6 caustic shrikes (Dis:7)
  4 curse toes
  Geryon (Hell)
  12 profane servitors
  9 bone dragons
  Jory (Tar:4)
  Nikola (Depths:1)
  Arachne (Spider:3)
  7 golden dragons
  A shard shrike zombie (Crypt:1)
  9 doom hounds
  3 hellephants
  4 electric golems
  13 Brimstone Fiends
  15 Tzitzimimeh
  A walking crystal tome (Depths:2)
  A spectral shard shrike (Tar:6)
  5 iron giants
  17 Ice Fiends
  Cloud Mage (WizLab)
  16 Hell Sentinels
  13 tainted leviathans
  25 Orb Guardians (Zot:5)
  26 tentacled monstrosities
  24 titans
  4 liches
  3 deep elf blademasters
  10 searing wretches
  Asterion (Vaults:3)
  2 deep elf master archers (Elf:3)
  12 quicksilver dragons
  A walking frostbound tome (Depths:2)
  24 ancient champions
  31 Executioners (Pan)
  19 acid blobs
  15 sphinxes
  5 death cobs
  A thorn hunter (Swamp:4)
  12 storm dragons
  A tentacled starspawn (Abyss:3)
  The ghost of browni3141 the Bringer of Law, an adept FoIE of Zin (Elf:1)
  Roxanne (Elf:2)
  7 tengu reavers
  Agnes (Spider:2)
  4 draconian monks
  3 revenants
  A fenstrider witch (Swamp:4)
  14 shadow dragons
  3 demonspawn warmongers (Pan)
  18 azure jellies
  5 rockslimes
  4 draconian knights
  22 fire giants
  7 iron dragons
  8 quicksilver elementals
  7 deep elf sorcerers
  17 narguns
  6 emperor scorpions
  18 frost giants
  6 ghost moths
  Louise (Depths:1)
  A juggernaut zombie (Hell)
  3 curse skulls
  7 shard shrike simulacra
  37 balrugs
  2 draconian shifters
  17 vault wardens
  13 cacodemons (Pan)
  4 draconian scorchers
  An angel (Abyss:3)
  An orc warlord (Vaults:4)
  9 ghouls
  5 draconian stormcallers
  4 broodmothers
  5 demonspawn blood saints (Pan)
  14 war gargoyles
  4 deep elf elementalists
  23 reapers
  4 quicksilver oozes
  3 demonspawn corrupters (Pan)
  9 draconian annihilators
  7 ironbound thunderhulks
  15 ironbound preservers
  4 bennus (Tomb:2)
  2 ophanim (Abyss:3)
  6 caustic shrike skeletons (Crypt:3)
  27 very ugly things
  14 black draconians
  23 elemental wellsprings
  5 deep elf demonologists
  9 vampire knights
  26 stone giants
  13 white draconians
  16 dire elephants
  2 eleionomae
  10 green draconians
  14 lorocyprocas (Pan)
  8 yellow draconians
  19 putrid mouths
  4 demonspawn black suns (Pan)
  A minotaur (Zot:5)
  16 spark wasps
  14 deep elf annihilators
  Azrael (Spider:1)
  10 red draconians
  2 pearl dragon zombies (Crypt:1)
  7 purple draconians
  28 iron golems
  17 wendigos
  6 bunyips
  9 eidola
  10 green deaths
  4 deep elf death magi
  16 fire dragons
  2 shambling mangroves
  18 ettins
  24 mummy priests
  A spectral quicksilver dragon (Tar:3)
  6 jiangshi
  22 blizzard demons
  5 entropy weavers
  19 yaktaur captains
  16 great orbs of eyes
  A merfolk javelineer (Depths:2)
  9 deep elf high priests
  3 spriggan zombies
  Josephine (Spider:1)
  2 spectral krakens (Tar:7)
  A spectral spriggan (Tar:5)
  20 hydras
  39 vault guards
  6 rakshasas
  8 ice dragons
  8 spriggan air magi
  5 caustic shrike simulacra
  4 juggernaut simulacra
  8 ironbound frosthearts
  11 ghost crabs
  10 salamander tyrants
  A quicksilver dragon skeleton (Crypt:3)
  6 catoblepae
  3 death knights
  A fenstrider witch skeleton (Pan)
  5 jorogumos
  7 radroaches
  10 boulder beetles
  3 tengu warriors
  A bennu zombie (Crypt:3)
  An ogre mage (Vaults:5)
  4 hell beasts (Pan)
  16 centaur warriors
  6 spriggan skeletons
  14 two-headed ogres
  8 deep troll shamans
  4 stokers
  7 alligators
  6 deep troll earth magi
  40 dancing weapons
  47 hell hogs
  3 orc high priests
  A thrashing horror (Abyss:3)
  5 vampire magi
  6 holy swine (Pan)
  A titan zombie (Crypt:1)
  25 death scarabs (Tomb:1)
  11 death yaks
  A spectral storm dragon (Tar:1)
  Urug (Orc:1)
  2 shock serpents (WizLab)
  17 hell knights
  14 deep elf knights
  8 spriggan berserkers
  56 soul eaters
  A fire crab (Swamp:4)
  61 sun demons
  3 titan skeletons (Crypt:3)
  5 crystal echidnas
  2 wretched stars
  12 iron trolls
  3 pharaoh ants
  36 skeletal warriors
  2 sun moths
  2 cherubim (Abyss:3)
  3 death drakes (WizLab)
  18 sixfirhies
  2 spectral anacondas
  A death drake (shapeshifter) (Depths:2)
  6 goliath frogs
  A storm dragon skeleton (Crypt:3)
  8 shadow wraiths
  4 orb spiders
  5 spriggan druids
  2 shadow demons
  An orb spider (shapeshifter) (Depths:3)
  2 quicksilver dragon simulacra
  3 glowing orange brains
  An anaconda skeleton (Crypt:2)
  3 spriggan simulacra
  35 deep trolls
  14 wizards
  2 tengu zombies (Hell)
  A ghost moth zombie (Crypt:2)
  5 swamp dragons
  5 flayed ghosts
  11 lindwurms
  5 bog bodies
  7 orc knights
  2 fenstrider witch simulacra (Coc:1)
  14 deep elf archers
  3 bunyip skeletons
  11 steelbarb worms
  A sphinx zombie (Hell)
  19 ironbound convokers
  5 harpies
  28 deep elf pyromancers
  10 phantasmal warriors
  21 deep elf zephyrmancers
  2 stone giant zombies (Hell)
  2 fire giant zombies (Hell)
  2 frost giant zombies (Hell)
  9 shining eyes
  5 orc sorcerers
  6 necromancers
  43 ugly things
  28 moths of wrath
  A salamander (Depths:4)
  10 manticores
  20 wolf spiders
  A manticore (shapeshifter) (Vaults:5)
  A worldbinder (Abyss:3)
  A spectral centaur (Tar:2)
  3 will-o-the-wisps
  7 cyclopes
  10 elephants
  A shock serpent zombie (Crypt:3)
  A spectral ettin (Tar:4)
  A stone giant skeleton (Crypt:3)
  17 vault sentinels
  4 apis skeletons (Crypt:1)
  4 rust devils
  5 black mambas
  5 torpor snails
  3 centaur zombies
  4 apocalypse crabs
  An eleionoma skeleton (Crypt:3)
  A cane toad (shapeshifter) (D:13)
  11 molten gargoyles
  A guardian serpent (Abyss:3)
  36 smoke demons
  2 dire elephant zombies
  An emperor scorpion simulacrum (Coc:1)
  7 eyes of devastation
  13 demonic crawlers
  6 gargoyles
  Maggie (Lair:2)
  25 orange demons
  10 spectral swamp worms (Tar:7)
  6 cane toads
  4 titan simulacra
  3 ice statues
  5 centaur skeletons
  6 kobold demonologists
  8 komodo dragons
  A naga skeleton (Pan)
  3 dire elephant skeletons
  26 hellions
  4 unseen horrors
  9 freezing wraiths
  A bunyip simulacrum (Hell)
  A swamp worm zombie (Crypt:1)
  8 efreet
  An alligator snapping turtle skeleton (Crypt:1)
  5 rime drakes
  32 yaktaurs
  An iron giant simulacrum (Coc:6)
  3 tengu conjurers
  3 anaconda simulacra
  19 tormentors
  6 ice devils
  34 guardian mummies
  An ancient zyme (Abyss:3)
  12 polar bears
  A harpy zombie (Tomb:2)
  3 spectral harpies
  11 trolls
  9 red devils
  A golden dragon simulacrum (Abyss:2)
  6 tyrant leeches
  2 iron dragon simulacra
  15 wind drakes
  27 hellwings
  30 tarantellas
  12 hornets
  A hydra skeleton (Crypt:3)
  3 dream sheep (Lair:3)
  5 harpy skeletons
  Grinder (D:6)
  A jumping spider zombie (Crypt:1)
  17 blink frogs
  An alligator zombie (Crypt:2)
  An ice dragon zombie (Tomb:1)
  2 ettin zombies
  3 stone giant simulacra
  8 raiju
  An ettin skeleton (Crypt:3)
  13 air elementals
  A fire dragon skeleton (Abyss:2)
  12 culicivoras
  34 flying skulls
  5 centaur simulacra
  An ice dragon skeleton (Pan)
  9 spriggans
  41 ynoxinuls
  2 shadows
  7 dire elephant simulacra
  29 jumping spiders
  61 yaks
  16 wyverns
  15 water elementals
  10 wraiths
  4 fire elementals
  16 humans (D:13)
  115 slime creatures
  8 ushabtiu
  A black mamba skeleton (Pan)
  20 golden eyes
  14 neqoxecs
  A golden eye (shapeshifter) (Vaults:5)
  2 steam dragons
  49 redbacks
  3 basilisks
  5 wargs
  22 vampire mosquitoes
  17 chaos spawn
  A naga zombie (Crypt:1)
  A hydra simulacrum (Coc:6)
  A human zombie (Hell)
  A swamp worm (shapeshifter) (Vaults:1)
  7 harpy simulacra
  A glowing shapeshifter zombie (Hell)
  16 swamp worms
  A two-headed ogre zombie (D:9)
  3 acid dragons
  5 small abominations
  9 hell hounds
  2 demonspawn skeletons
  14 water moccasins
  2 floating eyes
  4 black bears
  An ice beast (D:6)
  A glowing shapeshifter skeleton (Crypt:2)
  12 swamp drakes
  2 cane toad skeletons (Crypt:3)
  48 large abominations
  2 ettin simulacra
  35 orc warriors
  28 wolves
  A lindwurm skeleton (Crypt:2)
  9 ogres
  19 centaurs
  A phantom (D:9)
  A nameless horror (D:6)
  7 kobold brigands
  2 necrophages
  A gnoll sergeant (D:7)
  5 naga simulacra
  14 bullfrogs
  5 scorpions
  3 earth elementals
  A wyvern skeleton (Crypt:3)
  18 killer bees
  21 wights
  A troll zombie (D:9)
  A howler monkey (D:11)
  7 electric eels (Lair:2)
  4 crimson imps (Pan)
  2 hounds
  3 quasits (Abyss:2)
  4 jellies
  A gnoll bouda (D:9)
  16 orc priests
  2 iron imps
  8 starcursed masses (Abyss:2)
  3 iguanas
  A human skeleton (Crypt:1)
  25 orc wizards
  8 hell rats
  An acid dragon zombie (Crypt:3)
  3 ogre zombies (D:9)
  27 mummies
  An ogre skeleton (Crypt:1)
  Robin (D:2)
  5 adders
  5 gnolls
  A river rat (shapeshifter) (Vaults:5)
  3 shadow imps
  5 white imps
  5 ufetubi
  3 worms
  82 orcs
  8 bats
  5 endoplasms
  3 giant cockroaches
  8 hobgoblins
  11 jackals
  3 quokkas
  7 ball pythons
  A frilled lizard (D:1)
  12 goblins
  3 hobgoblin skeletons (D:9)
  A hobgoblin zombie (D:9)
  18 kobolds
  4 orc skeletons
  8 orc zombies (D:9)
  3 rats
  3 creeping infernos
  23 fire vortices
  A lurking horror (Abyss:2)
  A spectral weapon (Vaults:3)
  3 starspawn tentacles (Abyss:3)
  4 tentacles (Tar:7)
3969 creatures vanquished.

Vanquished Creatures (collateral kills)
  A shard shrike (Coc:7)
  Jorgrun (Elf:2)
  2 Ice Fiends (Coc:7)
  2 titans (Coc:7)
  A sphinx (Vaults:3)
  An emperor scorpion (Spider:4)
  A shard shrike simulacrum (Coc:7)
  A draconian shifter (Zot:1)
  A putrid mouth (Tar:7)
  A yaktaur captain (Vaults:1)
  A fire dragon (D:15)
  8 hydras
  A caustic shrike simulacrum (Coc:7)
  An alligator (Swamp:1)
  A two-headed ogre (D:11)
  An orc high priest (Orc:2)
  Sonja (Lair:2)
  Nergalle (D:12)
  A deep elf knight (Elf:2)
  A swamp dragon (Swamp:3)
  An ironbound convoker (Vaults:3)
  2 orc sorcerers
  A black mamba (Lair:3)
  A gargoyle (D:11)
  A rime drake (IceCv)
  4 cane toads
  A yaktaur (shapeshifter) (D:13)
  3 yaktaurs (Vaults:1)
  2 komodo dragons
  A freezing wraith (Coc:7)
  2 blink frogs (Lair:2)
  2 dream sheep (Lair:3)
  3 jumping spiders
  A slime creature (D:12)
  A spriggan (Swamp:1)
  7 yaks
  A wyvern (D:9)
  A basilisk (Lair:2)
  2 redbacks (Spider:2)
  2 swamp worms
  3 vampire mosquitoes
  3 water moccasins
  4 orc warriors
  A sky beast (D:7)
  2 centaurs
  2 wolves
  A phantom (D:9)
  2 kobold brigands (D:10)
  A bullfrog (Lair:1)
  A troll zombie (D:9)
  2 jellies
  2 orc priests (Orc:2)
  A hell rat (Lair:1)
  2 ogre zombies (D:9)
  A gnoll (D:7)
  12 orcs
  A goblin zombie (D:9)
  A hobgoblin skeleton (D:9)
  A hobgoblin zombie (D:9)
  2 orc skeletons (D:9)
  6 orc zombies (D:9)
119 creatures vanquished.

Vanquished Creatures (others)
  A lich (Pan)
  An ancient champion (Dis:7)
  An eldritch tentacle (Pan)
  A draconian shifter (Zot:2)
  An elemental wellspring (Coc:2)
  A wendigo (Coc:1)
  A green death (Pan)
  2 caustic shrike simulacra
  A spriggan air mage (WizLab)
  A deep elf knight (Elf:1)
  A wizard (Pan)
  A wolf spider (shapeshifter) (Depths:4)
  A titan simulacrum (Coc:7)
  An anaconda simulacrum (Coc:7)
  3 wind drakes (Pan)
  2 bloated husks
  A stone giant simulacrum (Coc:7)
  An air elemental (WizLab)
  A dire elephant simulacrum (Coc:1)
  A steam dragon (Swamp:4)
  A large abomination (Pan)
  4 swamp drakes (Swamp:4)
  An ettin simulacrum (Coc:1)
  A wolf (IceCv)
  2 orcs (Elf:1)
  6 ball lightnings (Pan)
  A creeping inferno (Geh:7)
  8 foxfires
  A starspawn tentacle (Abyss:3)
  13 tentacles (Tar:7)
62 creatures vanquished.

Grand Total: 4150 creatures vanquished

Notes
Turn   | Place    | Note
-------+----------+-------------------------------------------
     0 | D:1      | browni3141 the Formicid Ice Elementalist began the quest
                  | for the Orb.
     0 | D:1      | Reached XP level 1. HP: 13/13 MP: 3/3
   158 | D:1      | Found a faded altar of an unknown god.
   199 | D:1      | Reached XP level 2. HP: 21/21 MP: 3/5
   839 | D:1      | Reached XP level 3. HP: 26/26 MP: 6/6
  1321 | D:2      | Noticed Robin
  1329 | D:2      | Reached XP level 4. HP: 32/32 MP: 6/8
  1331 | D:2      | Reached skill level 3 in Stealth
  1405 | D:1      | Learned a level 3 spell: Frozen Ramparts
  1409 | D:1      | Learned a level 3 spell: Ozocubu's Armour
  1412 | D:2      | Reached skill level 3 in Spellcasting
  1417 | D:2      | Killed Robin
  1712 | D:3      | Found Goraam's Magic Scroll Emporium.
  1728 | D:3      | Bought a scroll of identify for 22 gold pieces
  1765 | D:3      | Bought a scroll of identify for 22 gold pieces
  1997 | D:3      | Found a shimmering altar of Xom.
  2023 | D:3      | Reached skill level 5 in Ice Magic
  2212 | D:3      | Found a white marble altar of Elyvilon.
  2262 | D:3      | Reached XP level 5. HP: 32/37 MP: 9/9
  2287 | D:3      | Found a basalt altar of Yredelemnul.
  2365 | D:3      | Became a worshipper of Elyvilon the Healer
  2683 | D:4      | Reached skill level 6 in Ice Magic
  2684 | D:4      | Reached XP level 6. HP: 38/43 MP: 3/10
  2764 | D:4      | Learned a level 4 spell: Summon Ice Beast
  2943 | D:4      | Found an ornate altar of the Wu Jian Council.
  3006 | D:4      | Reached skill level 7 in Ice Magic
  3080 | D:4      | Reached * piety under Elyvilon
  3205 | D:4      | Reached XP level 7. HP: 41/48 MP: 8/11
  3645 | D:5      | Entered Level 5 of the Dungeon
  3794 | D:5      | Identified the amulet "Koaqeam" {Acrobat rElec rCorr Int+8
                  | Dex-5}
  3849 | D:5      | Found a snail-covered altar of Cheibriados.
  3883 | D:5      | Reached skill level 8 in Ice Magic
  3919 | D:5      | Fell from the grace of Elyvilon
  3919 | D:5      | Became a worshipper of Cheibriados the Contemplative
  3944 | D:5      | Found a shimmering blue altar of Sif Muna.
  3990 | D:5      | Found a runed translucent gate.
  3990 | D:5      | Found a runed translucent gate.
  3991 | D:5      | Found a runed translucent gate.
  3992 | D:5      | Noticed jimonade's ghost (amateur OpMo)
  4330 | D:6      | Reached skill level 3 in Fighting
  4406 | D:6      | Noticed Grinder
  4406 | D:6      | Noticed a water moccasin
  4421 | D:6      | Killed a water moccasin
  4422 | D:6      | Reached skill level 3 in Invocations
  4422 | D:6      | Reached XP level 8. HP: 52/58 MP: 12/12
  4449 | D:6      | Killed Grinder
  4588 | D:6      | Found a sparkling altar of Nemelex Xobeh.
  4588 | D:6      | Found a hide-covered altar of Uskayaw.
  5060 | D:6      | Got Sif Muna's Tome of Shocking Earth
  5332 | D:6      | Found a burning altar of Makhleb.
  5470 | D:6      | Reached skill level 3 in Summonings
  5477 | D:6      | Reached * piety under Cheibriados
  5740 | D:7      | Found an iron altar of Okawaru.
  5741 | D:7      | Noticed a wyvern
  5750 | D:7      | Killed a wyvern
  5760 | D:7      | Reached XP level 9. HP: 62/63 MP: 10/13
  5762 | D:7      | Reached skill level 6 in Stealth
  6219 | D:7      | Identified the +4 mace of Edidelee {distort, rPois rN+
                  | Dex+3}
  6450 | D:7      | Found a glowing silver altar of Zin.
  6482 | D:7      | Identified the +1 mace "Spiderslayer" {speed, rElec rN+}
  6486 | D:7      | Noticed a two-headed ogre
  6502 | D:7      | Killed a two-headed ogre
  6503 | D:7      | Reached skill level 9 in Ice Magic
  6503 | D:7      | Reached skill level 6 in Invocations
  6691 | D:7      | Found a staircase to the Ecumenical Temple.
  6770 | D:8      | Reached XP level 10. HP: 56/70 MP: 17/17
  7086 | D:8      | Reached ** piety under Cheibriados
  7094 | D:8      | Noticed a komodo dragon
  7098 | D:8      | Reached skill level 10 in Ice Magic
  7101 | D:8      | Killed a komodo dragon
  7238 | D:8      | Reached skill level 3 in Evocations
  7291 | D:8      | Found a staircase to the Lair.
  7470 | D:8      | Found Koen's Jewellery Shoppe.
  7556 | D:8      | Found a stormy altar of Qazlal.
  7615 | D:8      | Reached skill level 11 in Ice Magic
  8159 | D:9      | Reached *** piety under Cheibriados
  8538 | D:9      | Reached XP level 11. HP: 57/75 MP: 18/18
  8566 | D:9      | Reached skill level 12 in Ice Magic
  8579 | D:9      | Reached **** piety under Cheibriados
  8731 | D:9      | Found a staircase to the Orcish Mines.
  9143 | D:9      | Found an opulent altar of Gozag.
  9259 | D:9      | Found a sacrificial altar of Ru.
  9435 | D:10     | Entered Level 10 of the Dungeon
  9453 | D:10     | Reached skill level 9 in Invocations
  9826 | D:10     | Reached ***** piety under Cheibriados
 10421 | D:10     | Found a blossoming altar of Fedhas.
 10424 | D:10     | Found an ancient bone altar of Kikubaaqudgha.
 10522 | Lair:1   | Entered Level 1 of the Lair of Beasts
 10647 | Lair:1   | Noticed an elephant
 10655 | Lair:1   | Reached skill level 12 in Invocations
 10737 | Lair:1   | Noticed an elephant
 10761 | Lair:1   | Killed an elephant
 10767 | Lair:1   | Killed an elephant
 10768 | Lair:1   | Reached skill level 3 in Dodging
 10768 | Lair:1   | Reached XP level 12. HP: 58/86 MP: 12/21
 10862 | Lair:1   | Noticed a seven-headed hydra
 10869 | Lair:1   | Killed a seven-headed hydra
 11003 | Lair:1   | Reached skill level 6 in Fighting
 11929 | Lair:1   | Reached skill level 6 in Dodging
 12005 | Lair:1   | Found the +8 whip "Snakebite" {venom, curare, rPois}
 12524 | Lair:2   | Reached XP level 13. HP: 91/98 MP: 23/23
 12740 | Lair:2   | Reached skill level 3 in Maces & Flails
 13049 | Lair:2   | Found a hole to the Spider Nest.
 13202 | Lair:2   | Noticed Maggie
 13225 | Lair:2   | Killed Maggie
 13297 | Lair:2   | Noticed Sonja
 13311 | Lair:2   | Killed Sonja
 13312 | Lair:2   | Reached skill level 6 in Maces & Flails
 13667 | Lair:3   | Noticed a five-headed hydra
 13953 | Lair:3   | Found a transporter.
 13953 | Lair:3   | Found a transporter.
 14039 | Lair:3   | Killed a five-headed hydra
 14426 | Lair:3   | Reached ****** piety under Cheibriados
 14436 | Lair:3   | Reached skill level 9 in Maces & Flails
 14562 | Lair:3   | Noticed a catoblepas
 15140 | Lair:4   | Noticed an eight-headed hydra
 15153 | Lair:4   | Killed an eight-headed hydra
 15348 | Lair:4   | Found a transporter.
 15351 | Lair:4   | Found a transporter.
 15360 | Lair:4   | Noticed crux's ghost (journeyman OpTm)
 15568 | Lair:4   | Reached XP level 14. HP: 81/105 MP: 19/24
 15644 | Lair:4   | You fall into a shaft and drop 1 floor!
 15644 | Lair:5   | Entered Level 5 of the Lair of Beasts
 15802 | Lair:5   | Identified the +10 lajatang of the Spider Nest {pain, rCorr
                  | Int-4 SInv}
 16227 | Lair:5   | Reached skill level 12 in Maces & Flails
 16546 | Lair:5   | Found a staircase to the Slime Pits.
 16547 | Lair:5   | Found a viscous altar of Jiyva.
 17444 | Lair:5   | Reached skill level 6 in Evocations
 17731 | Lair:5   | Identified the +6 short sword of Defiance {spect, Will+
                  | Dex+3}
 17943 | Lair:2   | Found a staircase to the Swamp.
 17946 | Lair:2   | Reached skill level 9 in Fighting
 18295 | Orc:1    | Entered Level 1 of the Orcish Mines
 18584 | Orc:1    | Found Coittiubu's Jewellery Boutique.
 18635 | Orc:1    | Reached XP level 15. HP: 113/113 MP: 14/25
 18712 | Orc:1    | Noticed Urug
 18734 | Orc:1    | Killed Urug
 19122 | Orc:2    | Entered Level 2 of the Orcish Mines
 19220 | Orc:2    | Found Uxodaoni's General Store.
 19235 | Orc:2    | Bought a scroll of identify for 22 gold pieces
 19277 | Orc:2    | Noticed Saint Roka
 19792 | Orc:2    | Killed Saint Roka
 19793 | Orc:2    | Reached skill level 6 in Spellcasting
 20120 | Orc:2    | Found Omidiyl's Antique Armour Shop.
 20172 | Orc:2    | Found a staircase to the Elven Halls.
 20238 | Orc:2    | Found Defiw's Antique Weapon Shop.
 20315 | Orc:2    | Found Vaninaxt's Jewellery Shop.
 20329 | Orc:2    | Found Moadgh's General Store.
 20337 | Orc:2    | Bought a potion of curing for 51 gold pieces
 20424 | Orc:2    | Found Zautaix's Assorted Antiques.
 20432 | Orc:2    | Bought 2 metallic coppery potions for 54 gold pieces
 20432 | Orc:2    | Bought a scroll of fear for 120 gold pieces
 20432 | Orc:2    | Bought a purple potion for 27 gold pieces
 20749 | Orc:2    | Bought the amulet "Yrovvuije" {Reflect rF++ rC++ Str-3
                  | SH+5} for 657 gold pieces
 21152 | D:11     | Found the +10 dark maul {heavy}
 21525 | D:11     | Reached skill level 15 in Invocations
 22044 | D:12     | Noticed Nergalle
 22056 | D:12     | Killed Nergalle
 22130 | D:12     | Reached skill level 3 in Armour
 22787 | D:13     | Found a gate to the Vaults.
 22794 | D:13     | Reached skill level 9 in Dodging
 22801 | D:13     | Reached XP level 16. HP: 53/122 MP: 1/28
 23087 | D:13     | Found a frozen archway.
 23111 | D:13     | Reached skill level 3 in Shields
 23306 | IceCv    | Entered an ice cave
 24108 | IceCv    | Reached skill level 6 in Shields
 24171 | IceCv    | Identified the staff of cold "Deonwiug" {rC+ Will+ Int+3
                  | Dex+5}
 25518 | D:14     | Reached skill level 12 in Dodging
 25740 | D:14     | You fall into a shaft and drop 1 floor!
 25740 | D:15     | Entered Level 15 of the Dungeon
 25960 | D:15     | Found a hazy altar of Hepliaklqana.
 26408 | D:15     | Reached skill level 9 in Shields
 26408 | D:15     | Reached XP level 17. HP: 100/128 MP: 23/29
 26496 | D:15     | Found a staircase to the Depths.
 27649 | Spider:1 | Entered Level 1 of the Spider Nest
 28007 | Spider:1 | Learned a level 5 spell: Lee's Rapid Deconstruction
 28358 | Spider:1 | Reached skill level 3 in Earth Magic
 28524 | Spider:1 | Reached skill level 9 in Spellcasting
 28545 | Spider:1 | Noticed Azrael
 28558 | Spider:1 | Killed Azrael
 29262 | Spider:1 | Noticed Josephine
 29275 | Spider:1 | Killed Josephine
 29989 | Spider:2 | Reached skill level 6 in Earth Magic
 30816 | Spider:2 | Noticed Agnes
 30826 | Spider:2 | Killed Agnes
 31397 | Spider:2 | Reached XP level 18. HP: 134/134 MP: 24/32
 32158 | Spider:3 | Identified the +2 flail "Rerphaxa" {pain, rPois rN+}
 32290 | Spider:3 | Noticed Arachne
 32302 | Spider:3 | Killed Arachne
 32303 | Spider:3 | Reached skill level 9 in Earth Magic
 32801 | Spider:4 | Entered Level 4 of the Spider Nest
 33482 | Spider:4 | Reached skill level 12 in Spellcasting
 33528 | Spider:4 | Learned a level 6 spell: Iron Shot
 33991 | Spider:4 | Reached skill level 3 in Conjurations
 35029 | Spider:4 | HP: 1/134 [emperor scorpion (20)]
 35046 | Spider:4 | Reached skill level 12 in Earth Magic
 35524 | Spider:4 | Reached XP level 19. HP: 132/140 MP: 35/35
 35549 | Spider:4 | Got a gossamer rune of Zot
 35748 | Swamp:1  | Entered Level 1 of the Swamp
 35929 | Swamp:1  | Reached skill level 6 in Conjurations
 39355 | Vaults:1 | Entered Level 1 of the Vaults
 40489 | Vaults:1 | Identified the +0 battleaxe "Death Rattle" {holy, Str+2
                  | Dex+5}
 40755 | Vaults:1 | Reached XP level 20. HP: 127/149 MP: 15/36
 42655 | Vaults:2 | Found Veipsekk's Antique Armour Shoppe.
 42667 | Vaults:2 | Noticed Frederick
 42697 | Vaults:2 | Killed Frederick
 44483 | Vaults:2 | Learned a level 5 spell: Borgnjor's Vile Clutch
 44828 | Vaults:3 | Reached XP level 21. HP: 158/158 MP: 37/37
 45138 | Vaults:3 | Reached skill level 12 in Fighting
 45367 | Vaults:3 | Noticed Asterion
 45379 | Vaults:3 | Killed Asterion
 45383 | Vaults:3 | Reached skill level 3 in Necromancy
 46290 | Vaults:3 | Noticed a bone dragon
 46296 | Vaults:3 | Killed a bone dragon
 46316 | Vaults:3 | Found a staircase to the Crypt.
 46394 | Vaults:3 | Reached skill level 15 in Earth Magic
 46399 | Vaults:3 | Reached skill level 15 in Maces & Flails
 47414 | Vaults:4 | Got the Tome of Voltage and the Cemetery
 47421 | Vaults:4 | Learned a level 5 spell: Freezing Cloud
 47677 | Vaults:4 | Reached skill level 12 in Shields
 48676 | D:8      | Bought the ring of Haluh {Dex+5 Slay+4} for 1432 gold
                  | pieces
 48907 | Swamp:3  | Reached XP level 22. HP: 64/167 MP: 28/38
 49376 | Swamp:4  | Entered Level 4 of the Swamp
 49400 | Swamp:3  | Learned a level 7 spell: Ozocubu's Refrigeration
 49822 | Swamp:4  | Identified the +2 robe "Ytsobrah" {Drain rF++ Regen+ rCorr}
 50895 | Swamp:4  | Got a decaying rune of Zot
 51125 | Elf:1    | Entered Level 1 of the Elven Halls
 51899 | Elf:1    | Found a runed translucent gate.
 51899 | Elf:1    | Found a runed translucent gate.
 51899 | Elf:1    | Found a runed translucent gate.
 51899 | Elf:1    | Found a runed translucent gate.
 51899 | Elf:1    | Found a runed translucent gate.
 51900 | Elf:1    | Found a runed translucent gate.
 52314 | Elf:1    | Found a runed translucent door.
 52315 | Elf:1    | Noticed browni3141's ghost (adept FoIE)
 52776 | Elf:1    | Killed browni3141's ghost
 52777 | Elf:1    | Reached skill level 13 in Ice Magic
 53590 | Elf:2    | Identified Roxanne's Incunable of the Volcano
 53590 | Elf:2    | Noticed Roxanne
 53596 | Elf:2    | Killed Roxanne
 53868 | Elf:2    | Reached XP level 23. HP: 176/176 MP: 40/40
 53870 | Elf:2    | Found a huge runed translucent gate.
 53876 | Elf:2    | Found a huge runed translucent gate.
 53876 | Elf:2    | Found a huge runed translucent gate.
 53877 | Elf:2    | Found a huge runed translucent gate.
 53877 | Elf:2    | Found a huge runed translucent gate.
 54467 | Elf:2    | Noticed Jorgrun
 54477 | Elf:2    | Killed Jorgrun
 55101 | Elf:3    | Entered Level 3 of the Elven Halls
 55342 | Elf:3    | Reached skill level 14 in Ice Magic
 55477 | Abyss:2  | Cast into level 2 of the Abyss (a deep elf demonologist)
 55625 | Abyss:2  | Gained mutation: You are frail. (-10% HP) [a shining eye]
 56010 | Elf:3    | Escaped the Abyss
 56143 | Elf:3    | Found Ydathrops's Armour Emporium.
 56146 | Elf:3    | Identified the +0 robe "Xoenat" {Harm Slay+2}
 56647 | Elf:3    | Identified the ring "Jastruol" {rC+++ Str+6 Int-2 Dex-2
                  | SInv}
 57145 | Elf:3    | Got Cepujasu's Elucidation of Nasty Wanderlust
 57161 | Elf:3    | Identified the +0 pair of boots of the Scribe {rElec rC+
                  | Str+4}
 57168 | Elf:3    | Identified the ring of Hiaq {Ice Contam Str+2 SInv}
 57871 | Swamp:4  | Learned a level 6 spell: Simulacrum
 58164 | Depths:1 | Entered Level 1 of the Depths
 58305 | Depths:1 | Reached skill level 15 in Shields
 58402 | Depths:1 | Noticed Louise
 58432 | Depths:1 | Killed Louise
 58612 | Depths:1 | Noticed Nikola
 58617 | Depths:1 | Killed Nikola
 58618 | Depths:1 | Reached skill level 15 in Spellcasting
 58618 | Depths:1 | Reached skill level 15 in Ice Magic
 58708 | Depths:1 | Found Igiolel's Overcharged Wands.
 58750 | Depths:1 | Reached XP level 24. HP: 167/167 MP: 36/42
 59106 | Depths:1 | Found a gateway to Hell.
 59341 | Depths:1 | Found a one-way gate to the infinite horrors of the Abyss.
 60510 | Depths:2 | Found a one-way gate leading to the halls of Pandemonium.
 60634 | Depths:2 | Identified the +1 robe of Subjectivity {-Tele Rampage rN+
                  | Regen+ rCorr}
 61643 | Depths:2 | Found a portal to a secret trove of treasure.
 61837 | Depths:3 | You fall into a shaft and drop 1 floor!
 61837 | Depths:4 | Entered Level 4 of the Depths
 61839 | Depths:4 | Noticed a golden dragon
 61857 | Depths:4 | Killed a golden dragon
 61861 | Depths:4 | Reached skill level 15 in Fighting
 61872 | Depths:4 | Reached skill level 16 in Ice Magic
 61906 | Depths:4 | Reached skill level 9 in Stealth
 61963 | Depths:4 | Learned a level 9 spell: Polar Vortex
 62097 | Depths:4 | Found a gate to the Realm of Zot.
 62236 | Depths:4 | Found a shadowy altar of Dithmenos.
 62250 | Depths:4 | Found a one-way gateway to a ziggurat.
 62599 | Depths:4 | Reached XP level 25. HP: 160/174 MP: 27/43
 64248 | Depths:3 | Reached skill level 17 in Ice Magic
 65293 | Slime:1  | Entered Level 1 of the Pits of Slime
 65365 | Slime:1  | Reached skill level 12 in Stealth
 65533 | Slime:1  | Gained mutation: You have hidden genetic defects. [a
                  | shining eye]
 65535 | Slime:1  | Lost mutation: You have hidden genetic defects. [potion of
                  | mutation]
 65535 | Slime:1  | Lost mutation: You are frail. (-10% HP) [potion of
                  | mutation]
 65535 | Slime:1  | Gained mutation: You occasionally lose the ability to drink
                  | potions when taking damage. [potion of mutation]
 65536 | Slime:1  | Lost mutation: You occasionally lose the ability to drink
                  | potions when taking damage. [potion of mutation]
 65536 | Slime:1  | Gained mutation: You are frail. (-10% HP) [potion of
                  | mutation]
 65536 | Slime:1  | Gained mutation: You are somewhat resistant to further
                  | mutation. [potion of mutation]
 67326 | Slime:4  | Found a viscous altar of Jiyva.
 67932 | Slime:5  | Entered Level 5 of the Pits of Slime
 68549 | Slime:5  | Found a viscous altar of Jiyva.
 68715 | Slime:5  | Reached skill level 18 in Ice Magic
 68728 | Slime:5  | Noticed the Royal Jelly
 68838 | Slime:5  | Killed the Royal Jelly
 68839 | Slime:5  | Reached XP level 26. HP: 180/180 MP: 42/43
 69017 | Slime:5  | Identified the +2 broad axe of the Final Chapter {flame,
                  | Str+5}
 69020 | Slime:5  | Identified the +4 leather armour of the Trout {rPois rCorr}
 69028 | Slime:5  | Identified the amulet "Nuxithur" {Regen+ Dex+4}
 69032 | Slime:5  | Got Tiowkoip's Handbook of Vapour and Mortification
 69105 | Slime:5  | Identified the +2 plate armour of Impatience {Slay+3}
 69127 | Slime:5  | Got a slimy rune of Zot
 69590 | Depths:1 | Voluntarily entered the Abyss.
 69591 | Abyss:2  | Noticed a dread lich
 69771 | Abyss:3  | Found a corrupted altar of Lugonu.
 69774 | Abyss:3  | Found a corrupted altar of Lugonu.
 69925 | Abyss:3  | Found a glowing golden altar of the Shining One.
 69957 | Abyss:3  | Noticed a juggernaut
 69962 | Abyss:3  | Killed a juggernaut
 69963 | Abyss:3  | Reached skill level 18 in Shields
 69966 | Abyss:3  | Got an abyssal rune of Zot
 69986 | Depths:1 | Escaped the Abyss
 70048 | Depths:2 | You showed the abyssal rune of Zot to enter a treasure
                  | trove
 70049 | Trove    | Entered a treasure trove
 70056 | Trove    | Identified the ring "Sackuebb" {Ice rPois rCorr Stlth+}
 70060 | Trove    | Identified the ring of the Frog {Ice Dex+3}
 70062 | Trove    | Identified the amulet of Qeuwaff {Acrobat Dex+4}
 70066 | Trove    | Identified the ring "Bonud" {Fly rElec rC- Str+3 Dex+3}
 70068 | Trove    | Identified the ring of Xedarph {rF+ rN+}
 70070 | Trove    | Identified the amulet "Haym" {Reflect Will+ Regen+ Str+2
                  | SH+5 SInv}
 70074 | Trove    | Identified the amulet of Autumn {Reflect Dex+4 SH+5}
 70079 | Trove    | Identified the ring of Kutass {Int+4 Dex+4 Slay+4}
 70206 | Zot:1    | Entered Level 1 of the Realm of Zot
 70249 | Zot:1    | Reached skill level 15 in Stealth
 71206 | Zot:1    | Reached skill level 19 in Ice Magic
 71862 | Zot:2    | Found a transporter.
 71866 | Zot:2    | Found a transporter.
 71868 | Zot:2    | Found a transporter.
 71980 | Zot:2    | Found a transporter.
 72492 | Zot:2    | Noticed a curse toe
 72494 | Zot:2    | Killed a curse toe
 73114 | Zot:2    | Reached skill level 20 in Ice Magic
 73525 | Zot:2    | Reached XP level 27. HP: 186/186 MP: 32/43
 75292 | Zot:3    | Reached skill level 21 in Ice Magic
 76400 | Zot:4    | Noticed an orb of fire
 76408 | Zot:4    | Killed an orb of fire
 76425 | Zot:3    | Reached skill level 6 in Armour
 77025 | Zot:4    | Noticed an orb of fire
 77030 | Zot:4    | Killed an orb of fire
 77094 | Zot:4    | Found a runed translucent door.
 77096 | Zot:4    | Found a shimmering altar of Xom.
 77096 | Zot:4    | Noticed Strat's ghost (veteran MiAr)
 77308 | Zot:4    | Identified the +1 robe of the Harvest {Archmagi}
 77634 | Zot:4    | Killed Strat's ghost
 77823 | Zot:5    | Entered Level 5 of the Realm of Zot
 78311 | Zot:5    | Reached skill level 21 in Shields
 78329 | Zot:5    | Noticed a dread lich
 78336 | Zot:5    | Killed a dread lich
 78405 | Zot:5    | Noticed an ancient lich
 78408 | Zot:5    | Noticed an orb of fire
 78409 | Zot:5    | Noticed an ancient lich
 78410 | Zot:5    | Reached skill level 22 in Ice Magic
 78410 | Zot:5    | Noticed an orb of fire
 78411 | Zot:5    | Noticed an orb of fire
 78412 | Zot:5    | Noticed a Killer Klown
 78416 | Zot:5    | Killed an ancient lich
 78416 | Zot:5    | Noticed a Killer Klown
 78419 | Zot:5    | Noticed an ancient lich
 78420 | Zot:5    | Killed an orb of fire
 78421 | Zot:5    | Reached skill level 9 in Armour
 78421 | Zot:5    | Killed an orb of fire
 78421 | Zot:5    | Killed an orb of fire
 78421 | Zot:5    | a Killer Klown changed into a minotaur
 78422 | Zot:5    | Killed an ancient lich
 78438 | Zot:5    | Killed an ancient lich
 78448 | Zot:5    | Killed a Killer Klown
 79457 | Vaults:5 | Entered Level 5 of the Vaults
 79473 | Vaults:5 | Noticed a dread lich
 79478 | Vaults:5 | Noticed an ancient lich
 79482 | Vaults:5 | Killed a dread lich
 79485 | Vaults:5 | Noticed a dread lich
 79485 | Vaults:5 | Killed an ancient lich
 79488 | Vaults:5 | Reached skill level 23 in Ice Magic
 79488 | Vaults:5 | Killed a dread lich
 79493 | Vaults:5 | Reached skill level 12 in Armour
 80155 | Vaults:5 | Found Xisen's Antique Armour Shoppe.
 80267 | Vaults:5 | Got Sif Muna's Practical Theurgy
 80460 | Vaults:5 | Identified the +11 dagger "Datuz" {heavy, rC++}
 80480 | Vaults:5 | Identified the +5 great sword "Wymnamu" {flame, rElec rF+
                  | Int+2}
 80825 | Vaults:5 | Identified the +2 flail of the Inferno {venom, *Noise rPois
                  | Dex+3 SInv}
 81137 | Vaults:5 | Identified the +9 plate armour "Edia" {rF+ rN+}
 81611 | Vaults:5 | Got a silver rune of Zot
 81742 | Crypt:1  | Entered Level 1 of the Crypt
 81845 | Crypt:1  | Found a magical portal.
 82042 | WizLab   | Entered The Chambers of the Cloud Mage
 82509 | WizLab   | Noticed Emere
 82516 | WizLab   | Killed Emere the Cloud Mage
 82538 | WizLab   | Got the Papyrus of the Birds
 82551 | WizLab   | Identified the +3 hand axe "Worm" {distort, Fly Str+4}
 82985 | Crypt:1  | Reached skill level 9 in Evocations
 83035 | Crypt:1  | Found a basalt altar of Yredelemnul.
 83619 | Crypt:2  | Reached skill level 24 in Ice Magic
 84010 | Crypt:2  | Learned a level 1 spell: Apportation
 84332 | Crypt:2  | Identified the +8 great sword "Riunwof" {venom, rElec rN+
                  | Str-2 Dex+2}
 84794 | Crypt:3  | Entered Level 3 of the Crypt
 85816 | Crypt:3  | Reached skill level 15 in Armour
 86068 | Crypt:3  | Noticed an ancient lich
 86076 | Crypt:3  | Killed an ancient lich
 86235 | Crypt:3  | Identified the amulet "Ratruj" {rC+ Regen+ Slay+3 Stlth+}
 86235 | Crypt:3  | Identified the ring of Okkoray {rF+ rN+ Will- MP+9 Int+3
                  | Slay+5}
 86263 | Crypt:3  | Identified the ring "Hianoh" {Fly Dex+4}
 86266 | Crypt:3  | Identified the amulet "Obaupt" {Acrobat Drain Fragile rPois
                  | rF+++}
 86270 | Crypt:3  | Identified the staff of death "Qoefism" {rPois rC+ rN+
                  | Int-2 Dex+2}
 86420 | Crypt:3  | Got the Tractate on the Catacomb
 86768 | Crypt:3  | Reached skill level 18 in Fighting
 87024 | Crypt:3  | Found a staircase to the Tomb.
 88552 | Pan      | Entered Pandemonium
 88667 | Pan      | Found an exit through the horrors of the Abyss.
 88896 | Pan      | Gained mutation: You are very frail. (-20% HP) [a
                  | cacodemon]
 89183 | Pan      | Entered the realm of Mnoleg.
 89187 | Pan      | Gained mutation: You occasionally lose the ability to read
                  | scrolls when taking damage. [mutagenic glow]
 89233 | Pan      | Gained mutation: You have very sharp teeth. [a cacodemon]
 89239 | Pan      | Noticed Mnoleg
 89253 | Pan      | Killed Mnoleg
 89515 | Pan      | Noticed Mennas
 89519 | Pan      | Killed Mennas
 89586 | Pan      | Got a glowing rune of Zot
 89634 | Pan      | Identified the ring of Scepticism {Fire Int+3}
 89702 | Pan      | Identified the +1 short sword "Oklodih" {heavy, Str+2}
 89705 | Pan      | Entered the realm of Gloorx Vloq.
 89706 | Pan      | Lost mutation: You have very sharp teeth. [potion of
                  | mutation]
 89706 | Pan      | Lost mutation: You are very frail. (-20% HP) [potion of
                  | mutation]
 89707 | Pan      | Lost mutation: You are frail. (-10% HP) [potion of
                  | mutation]
 89707 | Pan      | Lost mutation: You occasionally lose the ability to read
                  | scrolls when taking damage. [potion of mutation]
 90159 | Pan      | Reached skill level 25 in Ice Magic
 90318 | Pan      | Noticed Gloorx Vloq
 90325 | Pan      | Killed Gloorx Vloq
 90485 | Pan      | Learned a level 6 spell: Statue Form
 90490 | Pan      | Got a dark rune of Zot
 90580 | Pan      | Entered the realm of Cerebov.
 90638 | Pan      | Reached skill level 24 in Shields
 90640 | Pan      | Reached skill level 18 in Spellcasting
 90763 | Pan      | Reached skill level 3 in Transmutations
 90930 | Pan      | Found the +6 sword of Cerebov {flame}
 90930 | Pan      | Noticed Cerebov
 91260 | Pan      | Killed Cerebov
 91289 | Pan      | Identified the staff of conjuration "Lyramou" {rPois rF+
                  | Will+++ Str-2 Dex-2}
 91340 | Pan      | Identified the ring "Tonuiwno" {AC+4 Int+3}
 91357 | Pan      | Identified the quicksilver dragon scales "Risyenn" {Will+
                  | Str+2 Dex+5 Stlth-}
 91375 | Pan      | Identified the staff of earth "Iruvag" {rC+ Str+8}
 91395 | Pan      | Got a fiery rune of Zot
 91429 | Pan      | Reached skill level 12 in Evocations
 91457 | Pan      | Noticed Ylurph Sena the pandemonium lord
 91473 | Pan      | Killed Ylurph Sena the pandemonium lord
 91730 | Pan      | Reached skill level 6 in Transmutations
 91774 | Pan      | Got a demonic rune of Zot
 91898 | Pan      | Reached skill level 18 in Armour
 92080 | Depths:2 | Escaped Pandemonium
 92082 | Pan      | Entered Pandemonium
 92344 | Pan      | Noticed Gayged the pandemonium lord
 92347 | Pan      | Killed Gayged the pandemonium lord
 92524 | Pan      | Identified the amulet "Ilub" {Spirit rPois Will- Int+5}
 92528 | Pan      | Identified the ring "Ceireu" {Wiz +Blink rPois SInv}
 92624 | Pan      | Entered the realm of Lom Lobon.
 92637 | Pan      | Found an exit through the horrors of the Abyss.
 93158 | Pan      | Reached skill level 26 in Ice Magic
 93180 | Pan      | Noticed Lom Lobon
 93293 | Pan      | Killed Lom Lobon
 93317 | Pan      | Got a magical rune of Zot
 93580 | Pan      | Took an exit into the Abyss.
 93580 | Abyss:3  | Escaped into the Abyss
 93610 | Depths:2 | Escaped the Abyss
 93676 | Hell     | Entered the Vestibule of Hell
 93676 | Hell     | Noticed Geryon
 93691 | Hell     | Killed Geryon
 94365 | Hell     | Learned a level 4 spell: Passage of Golubria
 94373 | Hell     | Learned a level 6 spell: Dispersal
 94537 | Hell     | Found a gateway to the freezing wastes of Cocytus.
 94619 | Hell     | Found a gateway to the decaying netherworld of Tartarus.
 94680 | Hell     | Found a gateway to the ashen valley of Gehenna.
 94824 | Hell     | Found a gateway to the Iron City of Dis.
 94903 | Geh:1    | Entered Level 1 of Gehenna
 95241 | Geh:3    | Reached skill level 3 in Translocations
 95449 | Geh:7    | Entered Level 7 of Gehenna
 96181 | Geh:7    | Noticed an ancient lich
 96193 | Geh:7    | Killed an ancient lich
 96704 | Geh:7    | Got the Atlas of Forms and Weather
 96738 | Geh:7    | Found the +13 sceptre of Asmodeus
 96738 | Geh:7    | Identified the ring "Uhikac" {Wiz Drain rElec rN+ Dex+3}
 96738 | Geh:7    | Noticed Asmodeus
 96761 | Geh:7    | Killed Asmodeus
 96900 | Geh:7    | Got an obsidian rune of Zot
 96901 | Geh:7    | Identified the +5 ring mail of the Spider Nest {rElec rC-
                  | Str+4}
 97048 | Dis:1    | Entered Level 1 of the Iron City of Dis
 97095 | Dis:1    | Reached skill level 6 in Translocations
 97298 | Dis:2    | Noticed an ancient lich
 97298 | Dis:2    | Noticed an ancient lich
 97302 | Dis:2    | Killed an ancient lich
 97304 | Dis:2    | Reached skill level 27 in Ice Magic
 97304 | Dis:2    | Killed an ancient lich
 97304 | Dis:2    | Noticed an ancient lich
 97488 | Hell     | Killed an ancient lich
 97489 | Hell     | Reached skill level 15 in Dodging
 98174 | Dis:3    | You are sucked into a shaft and drop 3 floors!
 98494 | Dis:7    | Entered Level 7 of the Iron City of Dis
 98500 | Dis:7    | Reached skill level 21 in Armour
 99273 | Dis:7    | Reached skill level 15 in Evocations
 99848 | Dis:7    | Noticed Dispater
 99863 | Dis:7    | Killed Dispater
100027 | Dis:7    | Reached skill level 21 in Fighting
100059 | Dis:7    | Identified the +7 battleaxe "Zitsig" {heavy, Str+3 Int-4}
100059 | Dis:7    | Found the +2 cloak of the Thief {*Fog Slay-2 SInv Stlth+}
100062 | Dis:7    | Identified the staff of earth "Zacluxt" {rF+}
100064 | Dis:7    | Got an iron rune of Zot
100230 | Tar:1    | Entered Level 1 of Tartarus
100749 | Tar:4    | Reached skill level 18 in Dodging
100766 | Tar:4    | Noticed Jory
100779 | Tar:4    | Killed Jory
101834 | Tar:7    | Entered Level 7 of Tartarus
103528 | Tar:7    | Identified the +2 leather armour "Ileraud" {-Cast rPois
                  | Slay+2}
104146 | Tar:7    | Noticed the Serpent of Hell
104160 | Tar:7    | Killed the Serpent of Hell
104459 | Tar:7    | Noticed Ereshkigal
104481 | Tar:7    | Killed Ereshkigal
104510 | Tar:7    | Found the +9 sword of Zonguldrok {reap}
104521 | Tar:7    | Identified the ring of the Messenger {Dex+6 SInv Stlth-}
104524 | Tar:7    | Identified the staff of air "Duemnarph" {rElec Str+3}
104527 | Tar:7    | Got a bone rune of Zot
104529 | Tar:7    | Identified the +9 scimitar "Cuecad" {spect, Int+3}
104717 | Coc:1    | Entered Level 1 of Cocytus
104926 | Coc:2    | Noticed a shard shrike
104926 | Coc:2    | Noticed a shard shrike
104926 | Coc:2    | Noticed a shard shrike
104932 | Coc:2    | Killed a shard shrike
104932 | Coc:2    | Killed a shard shrike
104935 | Coc:2    | Killed a shard shrike
105268 | Coc:4    | Noticed a shard shrike
105268 | Coc:4    | Noticed a shard shrike
105268 | Coc:4    | Noticed a shard shrike
105271 | Coc:4    | Killed a shard shrike
105271 | Coc:4    | Killed a shard shrike
105429 | Coc:4    | Noticed a shard shrike
105431 | Coc:4    | Killed a shard shrike
105431 | Coc:4    | Killed a shard shrike
105432 | Coc:4    | Reached skill level 9 in Translocations
105515 | Coc:5    | Noticed a shard shrike
105515 | Coc:5    | You fall into a shaft and drop 1 floor!
105518 | Coc:6    | Noticed a shard shrike
105518 | Coc:6    | Noticed a shard shrike
105518 | Coc:6    | Noticed a shard shrike
105520 | Coc:6    | Killed a shard shrike
105520 | Coc:6    | Killed a shard shrike
105520 | Coc:6    | Killed a shard shrike
105520 | Coc:6    | Noticed a shard shrike
105522 | Coc:6    | Reached skill level 24 in Armour
105524 | Coc:6    | Killed a shard shrike
105641 | Coc:7    | Entered Level 7 of Cocytus
105644 | Coc:7    | Noticed a shard shrike
105647 | Coc:7    | Killed a shard shrike
105673 | Coc:7    | Noticed a shard shrike
105676 | Coc:7    | Killed a shard shrike
105692 | Coc:7    | Noticed a shard shrike
105695 | Coc:7    | Killed a shard shrike
105875 | Coc:7    | Noticed a shard shrike
105875 | Coc:7    | Noticed a shard shrike
105880 | Coc:7    | Killed a shard shrike
105881 | Coc:7    | Killed a shard shrike
106257 | Coc:7    | Noticed a shard shrike
106261 | Coc:7    | Killed a shard shrike
106385 | Coc:7    | Noticed a shard shrike
106389 | Coc:7    | Killed a shard shrike
106391 | Coc:7    | Noticed a shard shrike
106399 | Coc:7    | Killed a shard shrike
107014 | Coc:7    | Identified the +11 hand axe of the Doomed Warrior {freeze,
                  | rElec Will++ Str-5 Stlth+}
107014 | Coc:7    | Noticed Antaeus
107829 | Coc:7    | Killed Antaeus
108052 | Coc:7    | Got an icy rune of Zot
108283 | Depths:1 | Bought a wand of acid (18) for 1134 gold pieces
108283 | Depths:1 | Bought a wand of acid (18) for 1134 gold pieces
108630 | Tomb:1   | Entered Level 1 of the Tomb of the Ancients
108967 | Tomb:1   | Noticed a royal mummy
108967 | Tomb:1   | Noticed a royal mummy
109264 | Tomb:1   | Noticed a royal mummy
109275 | Tomb:1   | Killed a royal mummy
109276 | Tomb:1   | Reached skill level 12 in Translocations
109623 | Tomb:1   | Identified the +4 leather armour "Verumnun" {rC+ Int+3
                  | SInv}
109765 | Tomb:1   | Killed a royal mummy
109889 | Tomb:1   | Killed a royal mummy
109890 | Tomb:1   | Reached skill level 21 in Dodging
110116 | Tomb:2   | Noticed a royal mummy
110116 | Tomb:2   | Noticed a royal mummy
110116 | Tomb:2   | Noticed a royal mummy
110116 | Tomb:2   | Noticed a royal mummy
110123 | Tomb:2   | Killed a royal mummy
110126 | Tomb:2   | Killed a royal mummy
110132 | Tomb:2   | Killed a royal mummy
110134 | Tomb:2   | Killed a royal mummy
110422 | Tomb:2   | Identified the +1 mace "Hellblazer" {drain, Str+4}
110713 | Tomb:1   | Noticed a royal mummy
110713 | Tomb:1   | Noticed a royal mummy
110713 | Tomb:1   | Noticed a royal mummy
110713 | Tomb:1   | Noticed a royal mummy
110720 | Tomb:1   | Noticed a royal mummy
110724 | Tomb:1   | Killed a royal mummy
110726 | Tomb:1   | Killed a royal mummy
110729 | Tomb:1   | Killed a royal mummy
110730 | Tomb:1   | Killed a royal mummy
110730 | Tomb:1   | Noticed a royal mummy
110732 | Tomb:1   | Killed a royal mummy
110747 | Tomb:1   | Killed a royal mummy
110748 | Tomb:1   | Noticed a royal mummy
110767 | Tomb:1   | Killed a royal mummy
110781 | Tomb:1   | Noticed a royal mummy
110804 | Tomb:1   | Killed a royal mummy
110814 | Tomb:1   | Noticed a royal mummy
110827 | Tomb:1   | Killed a royal mummy
110860 | Tomb:1   | Noticed a royal mummy
110872 | Tomb:1   | Killed a royal mummy
110900 | Tomb:1   | Noticed a royal mummy
110913 | Tomb:1   | Killed a royal mummy
111006 | Tomb:1   | Noticed a royal mummy
111015 | Tomb:1   | Killed a royal mummy
111125 | Tomb:1   | Noticed a royal mummy
111141 | Tomb:1   | Killed a royal mummy
111385 | Tomb:1   | Noticed a royal mummy
111397 | Tomb:1   | Killed a royal mummy
111574 | Tomb:1   | Noticed a royal mummy
111576 | Tomb:1   | Noticed a royal mummy
111585 | Tomb:1   | Killed a royal mummy
111587 | Tomb:1   | Noticed a royal mummy
111592 | Tomb:1   | Killed a royal mummy
111603 | Tomb:1   | Killed a royal mummy
111873 | Tomb:2   | Found the +3 giant club "Skullcrusher" {speed, Str+7}
112411 | Pan      | Entered Pandemonium
112411 | Pan      | Noticed Zirphumnu the pandemonium lord
112419 | Pan      | Killed Zirphumnu the pandemonium lord
112614 | Pan      | Noticed Uppina the pandemonium lord
112622 | Pan      | Killed Uppina the pandemonium lord
112767 | Pan      | Identified the +7 spear "Ogeugid" {freeze, Fragile rElec
                  | rN+}
113092 | Pan      | Noticed Ignacio
113100 | Pan      | Killed Ignacio
113235 | Pan      | Noticed Binkyuhidd the pandemonium lord
113245 | Pan      | Killed Binkyuhidd the pandemonium lord
113669 | Pan      | Noticed Yrotepn the pandemonium lord
113672 | Pan      | Gained mutation: You are dopey. (Int -2) [a cacodemon]
113712 | Pan      | Mangled by Yrotepn the pandemonium lord

Illustrated notes

Levels and vault maps discovered:
D:1:      minmay_arrival_loop, layout_loops_ring, serial_forest,
          infiniplex_forest_clump_large, infiniplex_forest_zigzag_1,
          infiniplex_forest_clump_tiny, infiniplex_forest_clump_curved,
          infiniplex_forest_end_2, infiniplex_forest_end_1,
          infiniplex_forest_lined_room_, shapermc_ecumenical_altar_starsandcircs
D:2:      layout_basic, solitary_fountain, uniq_robin
D:3:      layout_basic, kennysheep_ying_yang, xom_teletrap_fun, serial_shops,
          shop, minmay_misc_feat_x
D:4:      layout_loops_ring, nicolae_wu_jian_glorious_leap,
          kennysheep_orc_chapel
D:5:      layout_rooms, slow_altar_1, lemuel_round_altar,
          gammafunk_ghost_necromancy
D:6:      layout_basic, mainiacjoe_overflow_concentric_impassable,
          amethyst_overflow_temple_binary, serial_curves, eino_curves_03,
          eino_curves_03, eino_curves_02, eino_curves_04,
          hangedman_decor_clover_reticule, uniq_grinder
D:7:      layout_rooms, amcnicky_altar_gilded, kennysheep_mini,
          minmay_temple_entry_from_below_a
D:8:      layout_basic, grunt_qazlal_clouds, due_lair_maze_entry_diamond,
          serial_shops, shop, st_stairs_4
D:9:      layout_roguey, nicolae_ru_awakened_eye, grunt_gozag_statues,
          zombieorc2_lemuel
D:10:     layout_roguey, grunt_temple_overflow_growth_and_decay,
          glass_columns_a, minivault_27
D:11:     minmay_roctagon, layout_long_grid
D:12:     layout_basic, kennysheep_generic_room_16, uniq_nergalle
D:13:     kennysheep_six_static_rooms, layout_rooms, david_vaults_3,
          portal_ice_cave_entry_pillars_2
D:14:     layout_small_grid
D:15:     grunt_enter_depths_hoard, layout_small_grid, serial_glass,
          glass_columns_a, glass_columns_a, nicolae_hepliaklqana_hazy_memory
Lair:1:   minmay_guarded_unrand_snakebite, layout_concentric_octagons,
          minivault_25
Lair:2:   layout_big_grid, minmay_swamp_entry_eels, spider_nest_entry_web_field,
          grunt_megastairs_2, uniq_sonja, uniq_maggie
Lair:3:   gammafunk_boulding_lane, layout_cave_pods
Lair:4:   layout_gridlike, gammafunk_ghost_wrathful_warriors,
          bobbens_dragon_lair_wall, uniq_snorg, uniq_rupert
Lair:5:   evilmike_catoblepas_cave, layout_loops_ring,
          nicolae_slime_entry_slimehenge
Swamp:1:  layout_basic_swamp, evilmike_swamp_ruin_house_6, swamp_pool5
Swamp:2:  layout_basic_swamp, evilmike_swamp_ruin_house_4, swamp_pool1
Swamp:3:  layout_basic_swamp, evilmike_swamp_ruin_rubble_2, swamp_pool2
Swamp:4:  swamp_fiery, layout_basic_swamp
Spider:1: layout_cave_pods, uniq_azrael, uniq_josephine
Spider:2: nicolae_spider_hilbert_zone_7 [nicolae_spider_hilbert_4_sides_1_open,
          nicolae_spider_hilbert_4_sides_1_open,
          nicolae_spider_hilbert_4_sides_1_open,
          nicolae_spider_hilbert_4_sides_1_open,
          nicolae_spider_hilbert_3_sides_1_open,
          nicolae_spider_hilbert_3_sides_1_open,
          nicolae_spider_hilbert_3_sides_1_open,
          nicolae_spider_hilbert_3_sides_1_open,
          nicolae_spider_hilbert_4_sides_1_open,
          nicolae_spider_hilbert_4_sides_1_open,
          nicolae_spider_hilbert_4_sides_1_open,
          nicolae_spider_hilbert_2_sides_1_open,
          nicolae_spider_hilbert_2_sides_1_open,
          nicolae_spider_hilbert_2_sides_1_open,
          nicolae_spider_hilbert_2_sides_1_open,
          nicolae_spider_hilbert_2_sides_1_open,
          nicolae_spider_hilbert_2_sides_1_open], uniq_agnes
Spider:3: layout_spider_delve, hangedman_spider_tarantella_strand, uniq_arachne
Spider:4: grunt_spider_rune_circles
Slime:1:  layout_caves
Slime:2:  layout_caves
Slime:3:  layout_caves
Slime:4:  layout_caves, basic_altar, nicolae_slime_crime_time
Slime:5
Orc:1:    layout_caves, serial_shops, nicolae_shop_back_alley_shop, uniq_urug
Orc:2:    grunt_orc_cross, layout_caves, basic_altar, serial_shops, shop,
          nicolae_shop_behind_doors
Elf:1:    eino_elf_arrival_the_gate, layout_onion_city, gammafunk_ghost_grave,
          orc_legates, grunt_ministairs_9
Elf:2:    elven_hall_of_blades_hangedman_alternative
          [nicolae_blade_entry_area_security], layout_geoelf_octagon,
          uniq_jorgrun, uniq_roxanne, uniq_saint_roka
Elf:3:    minmay_elf_hall_x, layout_geoelf_octagon, serial_shops, shop,
          grunt_megastairs_5
Vaults:1: v_misc_25, nicolae_vaults_wrenched, ontoclasm_vaults_twist,
          nicolae_vaults_offset_grid_hallway_1,
          nicolae_vaults_closet_pinwheel_2, hangedman_vaults_pinch,
          nicolae_vaults_holding_cells, nicolae_vaults_wine_cellar,
          nicolae_vaults_weapon_check, v_misc_26, layout_vaults_omnigrid
Vaults:2: hangedman_vaults_stagger, v_rooms_1, st_check,
          nicolae_vaults_little_squares_1, dpeg_vaults_monster_box,
          nicolae_vaults_little_squares_4, nicolae_vaults_diamond_1,
          grunt_vaults_diagonal, nicolae_vaults_heart-shaped_vault,
          layout_vaults_omnicross, serial_shops,
          nicolae_shop_tiny_real_fake_doors, uniq_frederick
Vaults:3: grunt_vaults_hallway_long, minmay_crypt_entry_nasty_monster,
          nicolae_vaults_hallways_thing, nicolae_vaults_variable_pillar_hall,
          serial_ice_b, hangedman_vaults_river_flow,
          nicolae_vaults_offset_grid_hallway_3, ontoclasm_vaults_claustrophobia,
          v_pattern_4, nicolae_vaults_tangram_2, nicolae_vaults_sightless_eye,
          nicolae_vaults_octagons, ontoclasm_vaults_idyll,
          nicolae_vaults_six-pack, grunt_vaults_funnel, nicolae_vaults_heist,
          layout_vaults_omnibox, uniq_asterion
Vaults:4: nicolae_vaults_shrinking_rooms_1, vaults_mumra_minichess_inversion,
          nicolae_vaults_shipping_containers_7,
          ontoclasm_vaults_decontamination, v_misc_30,
          ontoclasm_vaults_shuriken, hangedman_vaults_corner_blocks,
          nicolae_vaults_angled_halls, vaults_dpeg_cross, v_misc_28,
          ontoclasm_vaults_eye, vaults_room_fours, grunt_vaults_hallway_long,
          nicolae_vaults_little_ls, nicolae_vaults_swerve,
          nicolae_vaults_double_plus_1, layout_vaults_maze_bifur, uniq_margery
Vaults:5
Crypt:1:  layout_misc_corridors, lightli_enter_wizlab_magi_temple,
          hangedman_blasphemy
Crypt:2:  layout_misc_corridors
Crypt:3:  due_elkab, layout_chaotic_city, tomb_entry_simple_bobbens
Tomb:1
Tomb:2
Depths:1: layout_basic, nicolae_abyss_entry_one_way_or_another,
          serial_bayou_lagoon_a, hangedman_tar_grid_catacomb, st_stairs_9,
          nicolae_shop_overcharged_wands, uniq_nikola
Depths:2: kennysheep_oblong_rooms, layout_cave_pools, pf_coc_iceberg,
          minmay_crystal_room, grunt_pan_entry_zigzag, enter_trove_0,
          dispersion_dpeg
Depths:3: minmay_slanted_spiral_squares, layout_basic,
          abyss_entry_small_statue_room, grunt_hell_entry_dis_grunt
Depths:4: grunt_zot_entry_alcove, layout_cave_pools, enter_ziggurat_d,
          hell_entry, nicolae_dithmenos_the_darkroom, rand_demon_pan_entry_4
Hell
Dis:1:    layout_regular_city
Dis:2:    layout_regular_city, nicolae_dis_liches_on_tour
Dis:3:    layout_jigsaw
Dis:6:    layout_subdivisions
Dis:7:    iron_city_of_dis [dis_mu, dis_wall_1], layout_gridville,
          nicolae_dis_metal_dragon_surprise
Geh:1:    layout_gehenna_pools_triple, nicolae_geh_lava_shack
Geh:2:    layout_gehenna_pools_basic
Geh:3:    layout_gehenna_lava_caves
Geh:4:    layout_gehenna_lava_caves
Geh:5:    layout_gehenna_lava_caves
Geh:6:    layout_gehenna_pools_box, nicolae_geh_lava_rosette
Geh:7:    geh_grunt_pentagon
Coc:1:    layout_ice_bergs
Coc:2:    layout_cocytus_water_paths
Coc:3:    layout_ice_bergs
Coc:4:    layout_cocytus_water_paths
Coc:5:    layout_cocytus_water_paths
Coc:6:    layout_cocytus_water_paths
Coc:7:    coc_grunt_cove [coc_grunt_cove_antaeus, coc_grunt_cove_fiend,
          coc_grunt_cove_fiend, coc_grunt_cove_fiend, coc_grunt_cove_fiend]
Tar:1:    layout_cathedral_of_symmetry, nicolae_tar_cuneiform_two
Tar:2:    minmay_shadows, layout_catacombs
Tar:3:    layout_cathedral_of_symmetry, nicolae_tar_honey_rotating
Tar:4:    hangedman_tartarus_silent_blood_keep, layout_cathedral_of_symmetry,
          nicolae_hells_hurtin_island
Tar:5:    layout_cathedral_of_symmetry
Tar:6:    layout_grid_maze
Tar:7:    tar_minmay_river
Zot:1:    kennysheep_blocky_hall, layout_twisted_circle
Zot:2:    lemuel_halls_of_wrath, layout_basic, nicolae_diode_quadrants
Zot:3:    kennysheep_ambush_hall, layout_onion_interference, st_stairs_13
Zot:4:    layout_gridlike, ebering_ghost_xom
Zot:5:    layout_twisted_circle
Pan:      evilmike_mini_pan_diamond, layout_rooms, grunt_pan_frozen_over,
          layout_gridlike, uniq_ignacio, evilmike_mini_pan_pillars_b,
          layout_gridlike, nicolae_pan_gloorx_vloqian_1, evilmike_mnoleg_eyes,
          layout_irregular_city, uniq_mennas_pan, gloorx_vloq_st,
          layout_pan_divisions_a [pan_division_quadrant_a4,
          pan_division_quadrant_a3, pan_division_quadrant_a1,
          pan_division_quadrant_a3, pan_division_octagon_empty], cerebov_grunt,
          layout_basic, pan_blood_fountain_small, pan_captured_pigsty,
          pan_disco_hall, layout_onion_city, evilmike_mini_pan_thingy,
          layout_pan_divisions_a [pan_division_quadrant_a4,
          pan_division_quadrant_a4, pan_division_quadrant_a3,
          pan_division_quadrant_a4, pan_division_octagon_halves], rand_demon_3,
          layout_chambers, nicolae_pan_giant_door, layout_basic,
          evilmike_mini_pan_pillars_b, layout_irregular_city,
          nicolae_pan_door_chamber, layout_rooms, lom_lobon_grunt_wind_tunnels,
          layout_irregular_city, pan_blood_fountain_small, pan_blood_fountain_2,
          rand_demon_5, layout_rooms, rand_demon_3, layout_cellular_growth,
          evilmike_mini_pan_pillars_b, layout_rooms, uniq_ignacio,
          pan_blood_fountain_small, evilmike_mini_pan_other_thingy, layout_rooms

Skill      XL: |  1  2  3  4  5  6  7  8  9 10 11 12 13 14 15 16 17 18 19 20 21 22 23 24 25 26 27 |
---------------+----------------------------------------------------------------------------------+-----
Fighting       | 1 3 5 8 9 10 11 12 13 14 15 23 | 23.7
Dodging        | 2 3 6 8 9 12 13 14 22 | 22.2
Stealth        | 3 5 6 9 14 15 | 15.0
Spellcasting   | 3 5 8 10 12 13 15 16 20 | 20.0
Ice Magic      | 5 6 7 8 9 11 12 13 15 16 18 20 27 | 27.0
Invocations    | 3 4 6 8 12 14 15 16 | 16.0
Summonings     | 3 4 |  4.0
Evocations     | 3 7 8 16 | 16.0
Maces & Flails | 10 12 13 14 15 16 | 16.0
Armour         | 4 26 | 26.5
Shields        | 9 10 12 13 15 16 17 19 24 | 24.0
Earth Magic    | 7 12 14 15 16 | 16.0
Conjurations   | 5 8 |  8.0
Necromancy     | 4 |  4.0
Transmutations | 6 |  6.0
Translocations | 14 | 14.6

Action                     |  1- 3 |  4- 6 |  7- 9 | 10-12 | 13-15 | 16-18 | 19-21 | 22-24 | 25-27 || total
---------------------------+-------+-------+-------+-------+-------+-------+-------+-------+-------++-------
  Melee: Falchion          |     2 |       |       |       |       |       |       |       |       ||     2
         Short sword       |    44 |     8 |       |       |       |       |       |       |       ||    52
         Dagger            |       |    78 |   175 |   305 |       |       |       |       |       ||   558
         Punch             |       |     1 |     2 |     8 |    12 |       |       |       |       ||    23
         Whip              |       |       |       |    32 |   791 |  1190 |  1549 |   761 |       ||  4323
         Maul              |       |       |       |       |     4 |   101 |    65 |    10 |   592 ||   772
         Bo                |       |       |       |       |       |       |       |   241 |  1494 ||  1735
         Staff             |       |       |       |       |       |       |       |       |  1534 ||  1534
         Eveningstar       |       |       |       |       |       |       |       |       |    45 ||    45
         Bite              |       |       |       |       |       |       |       |       |     6 ||     6
  Throw: Dart              |       |       |       |       |       |       |       |       |     4 ||     4
   Cast: Freeze            |    31 |    14 |    13 |    23 |    14 |       |     7 |       |       ||   102
         Frozen Ramparts   |       |     6 |    22 |    46 |    48 |    57 |    36 |       |       ||   215
         Ozocubu's Armour  |       |     2 |     6 |    34 |    43 |    51 |    54 |     4 |     2 ||   196
         Summon Ice Beast  |       |       |     7 |    26 |    55 |    25 |    23 |     1 |     1 ||   138
         Lee's Rapid Decon |       |       |       |       |       |    15 |    51 |    18 |    11 ||    95
         Iron Shot         |       |       |       |       |       |     2 |     2 |   155 |  1120 ||  1279
         Freezing Cloud    |       |       |       |       |       |       |     5 |     9 |     4 ||    18
         Borgnjor's Vile C |       |       |       |       |       |       |     2 |    25 |   158 ||   185
         Ozocubu's Refrige |       |       |       |       |       |       |       |    89 |    84 ||   173
         Polar Vortex      |       |       |       |       |       |       |       |       |   208 ||   208
         Statue Form       |       |       |       |       |       |       |       |       |    15 ||    15
         Dispersal         |       |       |       |       |       |       |       |       |     1 ||     1
         Passage of Golubr |       |       |       |       |       |       |       |       |     1 ||     1
 Invoke: Bend Time         |       |       |       |     3 |     2 |     4 |     9 |       |     4 ||    22
         Slouch            |       |       |       |     2 |     6 |       |    12 |     5 |    16 ||    41
         Step From Time    |       |       |       |       |     2 |     1 |     4 |       |     9 ||    16
Ability: Dig               |       |       |       |       |     1 |     5 |       |     5 |    15 ||    26
  Evoke: Wand              |       |       |       |     4 |    18 |     1 |     5 |    15 |    60 ||   103
         Condenser vane    |       |       |       |       |       |     1 |     2 |     2 |     4 ||     9
         Box of beasts     |       |       |       |       |       |       |       |       |     6 ||     6
         Phantom mirror    |       |       |       |       |       |       |       |       |     2 ||     2
         Lightning rod     |       |       |       |       |       |       |       |       |     1 ||     1
    Use: Scroll            |       |     3 |     3 |     4 |    12 |     9 |     7 |     9 |    36 ||    83
         Potion            |       |       |       |     2 |     4 |    15 |     6 |     2 |    52 ||    81
   Stab: Sleeping          |     5 |     1 |     2 |     9 |    14 |    27 |    18 |     9 |     2 ||    87
         Distracted        |       |       |       |     5 |     3 |     3 |    10 |     2 |    15 ||    38
         Invisible         |       |       |       |     4 |     1 |     7 |       |       |     2 ||    14
         Paralysed         |       |       |       |       |       |       |       |       |     5 ||     5
 Armour: Robe              |     9 |     9 |    23 |     5 |       |       |       |    13 |   128 ||   187
         Leather armour    |       |       |       |    95 |   136 |   191 |   191 |    54 |       ||   667
         Gold dragon scale |       |       |       |       |       |       |       |       |   850 ||   850
         Skin              |       |       |       |       |       |       |       |       |    68 ||    68
  Dodge: Dodged            |    41 |    69 |   259 |   509 |   796 |  1011 |  1117 |   443 |  2141 ||  6386
  Block: Other             |       |       |       |       |    29 |     1 |       |       |       ||    30
         Reflection        |       |       |       |       |     6 |    30 |    57 |     8 |   172 ||   273
         Buckler           |       |       |       |       |       |   713 |   582 |       |       ||  1295
         Tower shield      |       |       |       |       |       |       |   413 |  1169 |  7337 ||  8919
